 Dungeon Crawl Stone Soup version 0.22-a0-402-ga933591 (webtiles) character file.

81 Borgoz the Skirmisher (level 4, -4/40 HPs)
             Began as a Hill Orc Monk on May 6, 2018.
             Slain by Sigmund
             ... wielding a +0 scythe
              (12 damage)
             ... on level 2 of the Dungeon.
             The game lasted 00:02:55 (2326 turns).

Borgoz the Skirmisher (Hill Orc Monk)               Turns: 2326, Time: 00:02:56

Health: -4/40      AC:  2    Str: 12 (13) XL:     4   Next: 40%
Magic:  4/4        EV: 13    Int:  9 (10) God:
Gold:   40         SH:  0    Dex: 12 (14) Spells: 3/3 levels left

rFire    . . .     SeeInvis .   a - +0 short sword
rCold    . . .     Gourm    .   (no shield)
rNeg     . . .     Faith    .   b - +0 robe
rPois    .         Spirit   .   (no helmet)
rElec    .         Reflect  .   (no cloak)
rCorr    .         Harm     .   (no gloves)
MR       .....                  (no boots)
Stlth    ++........             j - amulet of the acrobat
HPRegen  0.13/turn              (no ring)
MPRegen  0.09/turn              (no ring)

@: flying, hasted, very quick
A: no striking features
a: no special abilities


You were on level 2 of the Dungeon.
You were not hungry.

You visited 1 branch of the dungeon, and saw 2 of its levels.

You collected 40 gold pieces.

Inventory:

Hand Weapons
 a - a +0 short sword (weapon)
Armour
 b - a +0 robe (worn)
Jewellery
 j - an amulet of the acrobat (around neck)
Scrolls
 d - a scroll of blinking {unknown}
 e - a scroll of teleportation {unknown}
 i - a scroll of amnesia {unknown}
 k - 2 scrolls of identify {unknown}
Potions
 h - a potion of haste
 l - 2 potions of heal wounds {unknown}
Comestibles
 c - 3 rations


   Skills:
 + Level 4.2 Fighting
 * Level 4.0 Short Blades
 + Level 2.8 Dodging
 + Level 2.2 Stealth


You had 3 spell levels left.
You didn't know any spells.

Dungeon Overview and Level Annotations

Branches:
Dungeon (2/15)

Altars:
Okawaru

Annotations:
D:2 Sigmund


Message History

You hit something but do no damage. Something hits you.
You barely miss something. Something hits you.
You hit something. You closely miss something.
Something hits you but does no damage.
You miss something. You hit something but do no damage. Something hits you.
You miss something. Something hits you!
You barely miss something. You miss something. Something hits you!
* * * LOW HITPOINT WARNING * * *
It was a potion of flight.
You feel very buoyant.
You fly up into the air.
It was a potion of degeneration.
There was something very wrong with that liquid.
You feel weakened.
You feel dopey.
You feel clumsy. Something hits you.
* * * LOW HITPOINT WARNING * * *
It was a potion of haste.
You feel yourself speed up. Something hits you!
You die...

...........# #...#
>##.#.#.##.# #...#
.##.....##.# #####.###
.####.####)# #.......#
......####.# #.###.#.#
..###......# ##.#.# ..#
#.....## # #..#.# ### #.....#
#.##.##.# #.....# #.{@....#
#.<...# ####.#### #####.###
#.# #..<..#### #.# #........#
#.# ##..#####.# #.#
#.......#.# ##.######
##.......#.#####.......#
.....##...........####.#####.#


There were no monsters in sight!

Vanquished Creatures
  A gnoll (D:1)
  2 adders (D:2)
  An ooze (D:1)
  3 leopard geckos (D:1)
  A giant cockroach (D:1)
  6 goblins (D:1)
  8 hobgoblins
  4 jackals
  6 bats
  2 frilled lizards (D:1)
  5 kobolds (D:1)
  4 rats
43 creatures vanquished.

Notes
Turn   | Place    | Note
-------+----------+-------------------------------------------
     0 | D:1      | Borgoz the Hill Orc Monk began the quest for the Orb.
     0 | D:1      | Reached XP level 1. HP: 19/19 MP: 1/1
    40 | D:1      | Reached XP level 2. HP: 10/27 MP: 2/2
   751 | D:1      | Reached XP level 3. HP: 27/33 MP: 3/3
  1570 | D:2      | Reached XP level 4. HP: 32/40 MP: 4/4
  1848 | D:2      | HP: 2/40 [poisoned by an adder]
  1856 | D:2      | HP: 1/40 [poisoned by an adder]
  2174 | D:2      | Found an iron altar of Okawaru.
  2303 | D:2      | Noticed Sigmund
  2326 | D:2      | Slain by Sigmund

Vault maps used:
D:1:      dpeg_arrival_tiny_g, minmay_quantized
D:2:      kennysheep_okawaru_gauntlet, uniq_sigmund

Skill      XL: |  1  2  3  4 |
---------------+-------------+-----
Fighting       | 4 |  4.2
Stealth        | 2 |  2.2
Short Blades   | 4 |  4.0
Dodging        | |  2.8

Action                   |  1- 3 |  4- 6 || total
-------------------------+-------+-------++-------
Melee: Short sword       |   143 |    61 ||   204
  Use: Potion            |       |     3 ||     3
 Stab: Sleeping          |     3 |       ||     3
  Eat: Chunk             |     2 |     3 ||     5
Armor: Robe              |    16 |     6 ||    22
Dodge: Dodged            |    83 |    40 ||   123

Table legend:
 A = Spawn XP
 B = Non-spawn XP
 C = Spawn XP percentage of total XP
 D = Spawn monster count
 E = Non-spawn monster count
 F = Spawn count percentage of total count
 G = Total turns spent on level
                    A         B        C        D         E        F      G
               +---------+---------+-------+---------+---------+-------+---------
         Total |       0 |     116 |   0.0 |       0 |      43 |   0.0 |  2326
               +---------+---------+-------+---------+---------+-------+---------
           D:1 |       0 |      81 |   0.0 |       0 |      36 |   0.0 |  1532
           D:2 |       0 |      35 |   0.0 |       0 |       7 |   0.0 |   794
               +---------+---------+-------+---------+---------+-------+---------
